Penguins vs Rangers

Created - 16 mars 2016 at 23:28

Goals
1 2 3 T
Penguins 0 2 0 2
Rangers 2 0 2 4
Shots
1 2 3 T
Penguins 10 10 9 29
Rangers 13 9 10 32

1st period

1. Rangers , Milan Lucic 35 (Brad Richards) at 4:45
2. Rangers , Milan Lucic 36 (Brad Richards) at 6:37

Penalties :
Ryan Suter (NYR) for Tripping (Minor) at 0:35, Chris Bourque (NYR) for High sticking (Minor) at 9:37, Nathan Horton (Pit) for Hooking (Minor) at 9:56

2nd period

3. Penguins , Ryan Kesler 33 (Simon Gagné, Nathan Horton) at 9:35 (PP)
4. Penguins , Dustin Penner 15 (Simon Gagné, Steve Sullivan) at 12:00

Penalties :
Duncan Keith (Pit) for Roughing (Minor) at 1:14, Patrice Bergeron (NYR) for High sticking (Minor) at 5:31, Jakob Silfverberg (NYR) for Slashing (Minor) at 9:19, Simon Gagné (Pit) for Holding (Minor) at 9:42, Ryan Suter (NYR) for Hooking (Minor) at 13:05

3rd period

5. Rangers , Milan Lucic 37 (Brad Richards) at 15:14 (PP)
6. Rangers , Jakob Silfverberg 10 (Valtteri Filppula) at 16:40

Penalties :
Johan Franzen (NYR) for Interference (Minor) at 4:35, Milan Lucic (NYR) for Slashing (Minor) at 8:19, Brent Sopel (Pit) for Holding (Minor) at 15:12, Milan Lucic (NYR) for Fighting (Major) at 18:25, Luke Schenn (Pit) for Fighting (Major) at 18:25

Goalie Stats

Josh Tordjman (Pit), 28 saves from 32 shots - (0,875), L, 2-4-1, 60:00 minutes
Henrik Lundqvist (NYR), 27 saves from 29 shots - (0,931), W, 12-21-5, 60:00 minutes

Players Stats for Penguins

Player Name              G  A  P  +/- PIM S  H  SB GA TA FO     MP     PP MP  PK MP  
------------------------------------------------------------------------------------
Bobby Ryan               0  0  0   0  0   1  2  1  0  2  0/0    16:42   4:01   0:46 
Brendan Smith            0  0  0   0  0   0  0  4  0  0  0/0    11:43   0:00   1:23 
Brent Sopel              0  0  0  -1  2   1  1  1  0  1  0/0    21:10   3:56   1:55 
Brian McGrattan          0  0  0   0  0   0  0  0  0  0  0/0    11:43   0:02   0:19 
Brooks Orpik             0  0  0  -1  0   1  2  3  0  1  0/0    28:28   6:09   2:22 
David Jones              0  0  0  -1  0   2  1  2  0  1  0/1     7:30   0:02   0:00 
Denis Arkhipov           0  0  0  -1  0   0  2  0  0  0  2/2     8:10   0:00   0:44 
Duncan Keith             0  0  0  -1  2   2  2  0  0  1  0/0    27:27   6:34   1:01 
Dustin Penner            1  0  1   0  0   1  0  0  0  1  0/1    17:07   4:01   1:15 
Ladislav Nagy            0  0  0  -1  0   1  1  0  0  0  1/1     7:45   0:00   0:34 
Luke Schenn              0  0  0   0  5   2  4  3  0  0  0/0    10:18   0:25   0:00 
Nathan Horton            0  1  1  -1  2   2  4  0  1  1  0/1    20:26   6:26   0:27 
Oleg Kvasha              0  0  0   0  0   1  0  0  1  0  7/11   12:04   0:00   1:25 
Ryan Kesler              1  0  1  -1  0   8  2  2  2  1  16/43  23:02   6:27   1:57 
Sean Zimmerman           0  0  0  -1  0   1  1  1  1  0  0/0    21:13   3:56   1:57 
Simon Gagné              0  2  2  -1  2   1  3  0  0  0  1/1    22:03   6:27   1:11 
Steve Sullivan           0  1  1   0  0   2  0  1  0  1  0/1    11:50   0:02   0:00 
Steven Stamkos           0  0  0   0  0   3  1  0  0  0  5/9    15:15   4:01   0:00 

Players Stats for Rangers

Player Name              G  A  P  +/- PIM S  H  SB GA TA FO     MP     PP MP  PK MP  
------------------------------------------------------------------------------------
Alexei Emelin            0  0  0   1  0   0  0  0  0  0  0/0    11:29   0:00   1:27 
Brad Richards            0  3  3   2  0   4  0  0  0  2  17/29  23:04   2:03   5:55 
Cam Barker               0  0  0   2  0   2  4  4  2  0  0/0    27:24   2:09   6:10 
Chris Bourque            0  0  0   1  2   0  2  0  2  0  1/1     8:30   0:01   1:38 
Drew Stafford            0  0  0   0  0   3  1  0  0  0  0/0    14:07   2:12   0:00 
Igor Radulov             0  0  0  -1  0   0  0  2  1  0  0/0    10:49   0:00   0:10 
Jakob Silfverberg        1  0  1   1  2   1  1  0  1  0  0/0     6:19   0:04   0:00 
Johan Franzen            0  0  0   2  2   1  1  0  0  0  1/2    15:33   2:02   0:00 
Mark Fistric             0  0  0   2  0   2  1  2  0  0  0/0    27:24   2:09   6:10 
Matt Greene              0  0  0  -1  0   1  0  0  2  0  0/0    22:34   2:10   4:20 
Matt Read                0  0  0  -1  0   3  1  0  0  0  1/1    11:34   0:04   0:00 
Mike Cammalleri          0  0  0   0  0   2  4  0  0  0  0/0    16:56   2:12   2:47 
Milan Lucic              3  0  3   2  7   5  0  1  1  1  5/11   20:31   2:03   4:57 
Patrice Bergeron         0  0  0   0  2   5  0  1  1  0  4/12   17:57   2:12   2:51 
Radek Bonk               0  0  0  -1  0   1  0  0  0  0  5/9    12:57   0:04   0:19 
Ryan Suter               0  0  0  -1  4   1  0  2  0  2  0/0    21:05   2:10   2:53 
Staffan Kronwall         0  0  0   1  0   0  0  2  0  0  0/0    10:02   0:00   0:00 
Valtteri Filppula        0  1  1   1  0   1  0  1  0  0  5/6     9:27   0:00   2:23 

3 Stars

1 - Milan Lucic (NYR)
2 - Brad Richards (NYR)
3 - Cam Barker (NYR)

Power Play

Penguins - 1 on 7 Attempt(s) - 14,29%
Rangers - 1 on 4 Attempt(s) - 25,00%

Penalty Kill

Penguins - 3 on 4 Attempt(s) - 75,00% - Score 0 goal in Penalty Kill
Rangers - 6 on 7 Attempt(s) - 85,71% - Score 0 goal in Penalty Kill

Team Stat

Penguins - Hits : 26 - Faceoff Wins : 32 - Blocked Shots : 18 - Penalty Minutes : 13
Rangers - Hits : 15 - Faceoff Wins : 39 - Blocked Shots : 15 - Penalty Minutes : 19

Official

Referees : Hebert Ghislain and LaRue Dennis
Linesman : Michel Cormier and Scott Cherrey

Game Notes

Milan Lucic has scored a Hat Trick!
Luke Schenn beats up Milan Lucic at 18:25 of 3rd period

Finance

Level 1 -- Attendance: 4479 (74,65%) -- Ticket Income 403 110 $
Level 2 -- Attendance: 4087 (81,74%) -- Ticket Income 224 785 $
Level 3 -- Attendance: 2000 (100,00%) -- Ticket Income 60 000 $
Level 4 -- Attendance: 4000 (100,00%) -- Ticket Income 80 000 $
Luxury Box -- Attendance: 692 (69,20%) -- Ticket Income 121 100 $
Game was played at the Madison Square Garden.
Total Attendance: 15258 (84,77%)
Total Ticket Income: 888 995 $
Other Income: 133 349 $
Total Income: 1 022 344 $

Penguins

5 vs 5 Forward 
   Center                   Left Wing                Right Wing               Time % Phy DF OF 
 1 Ryan Kesler              Simon Gagné              Nathan Horton            40     1   2  2  
 2 Steven Stamkos           Dustin Penner            Bobby Ryan               30     1   2  2  
 3 Oleg Kvasha              Steve Sullivan           Brian McGrattan          20     1   2  2  
 4 Denis Arkhipov           Ladislav Nagy            David Jones              10     1   2  2  

5 vs 5 Defense 
   Defense                  Defense                                           Time % Phy DF OF 
 1 Duncan Keith             Brooks Orpik                                      40     1   2  2  
 2 Sean Zimmerman           Brent Sopel                                       30     1   2  2  
 3 Luke Schenn              Brendan Smith                                     20     1   2  2  
 4 Duncan Keith             Brooks Orpik                                      10     1   2  2  

PowerPlay Forward 
   Center                   Left Wing                Right Wing               Time % Phy DF OF 
 1 Ryan Kesler              Simon Gagné              Nathan Horton            60     1   2  2  
 2 Steven Stamkos           Dustin Penner            Bobby Ryan               40     1   2  2  

PowerPlay Defense
   Defense                  Defense                                           Time % Phy DF OF 
 1 Duncan Keith             Brooks Orpik                                      60     1   2  2  
 2 Sean Zimmerman           Brent Sopel                                       40     1   2  2  

Penalty Kill 4 Players Forward 
   Center                   Wing                     Time % Phy DF OF 
 1 Ryan Kesler              Simon Gagné              60     1   2  2  
 2 Nathan Horton            Bobby Ryan               40     1   2  2  

Penalty Kill 4 Players Defense
   Defense                  Defense                  Time % Phy DF OF 
 1 Duncan Keith             Brooks Orpik             60     1   2  2  
 2 Sean Zimmerman           Brent Sopel              40     1   2  2  

Penalty Kill - 3 Players Forward 
   Forward                                           Time % Phy DF OF 
 1 Ryan Kesler                                       60     1   2  2  
 2 Simon Gagné                                       40     1   2  2  

Penalty Kill - 3 Players Defense
   Defense                  Defense                  Time % Phy DF OF 
 1 Duncan Keith             Brooks Orpik             60     1   2  2  
 2 Sean Zimmerman           Brent Sopel              40     1   2  2  

4 vs 4 Forward 
   Center                   Wing                     Time % Phy DF OF 
 1 Ryan Kesler              Simon Gagné              60     1   2  2  
 2 Nathan Horton            Bobby Ryan               40     1   2  2  

4 vs 4 Defense
   Defense                  Defense                  Time % Phy DF OF 
 1 Duncan Keith             Brooks Orpik             60     1   2  2  
 2 Sean Zimmerman           Brent Sopel              40     1   2  2  

Last Minutes Offensive
   Center                   Left Wing                Right Wing               Defense                  Defense                  
   Ryan Kesler              Simon Gagné              Nathan Horton            Duncan Keith             Brooks Orpik             

Last Minutes Defensive
   Center                   Left Wing                Right Wing               Defense                  Defense                  
   Ryan Kesler              Simon Gagné              Nathan Horton            Duncan Keith             Brooks Orpik             

Goaltenders
Starting : Josh Tordjman            
Backup : Brian Elliott            

Extra Forwards
Normal : Steve Sullivan, Brian McGrattan, Oleg Kvasha - PP : Steve Sullivan, Brian McGrattan - PK : Oleg Kvasha
Extra Defensemen
Normal : Luke Schenn, Brendan Smith, Sean Zimmerman - PP : Luke Schenn - PK : Brendan Smith, Sean Zimmerman
Penalty Shots
Ryan Kesler, Simon Gagné, Nathan Horton, Bobby Ryan, Dustin Penner

Rangers

5 vs 5 Forward 
   Center                   Left Wing                Right Wing               Time % Phy DF OF 
 1 Brad Richards            Milan Lucic              Johan Franzen            40     1   2  2  
 2 Patrice Bergeron         Mike Cammalleri          Drew Stafford            30     1   2  2  
 3 Radek Bonk               Igor Radulov             Matt Read                20     1   2  2  
 4 Valtteri Filppula        Chris Bourque            Jakob Silfverberg        10     1   2  2  

5 vs 5 Defense 
   Defense                  Defense                                           Time % Phy DF OF 
 1 Cam Barker               Mark Fistric                                      40     1   2  2  
 2 Matt Greene              Ryan Suter                                        30     1   2  2  
 3 Staffan Kronwall         Alexei Emelin                                     20     1   2  2  
 4 Cam Barker               Mark Fistric                                      10     1   2  2  

PowerPlay Forward 
   Center                   Left Wing                Right Wing               Time % Phy DF OF 
 1 Brad Richards            Milan Lucic              Johan Franzen            60     1   2  2  
 2 Patrice Bergeron         Mike Cammalleri          Drew Stafford            40     1   2  2  

PowerPlay Defense
   Defense                  Defense                                           Time % Phy DF OF 
 1 Cam Barker               Mark Fistric                                      60     1   2  2  
 2 Matt Greene              Ryan Suter                                        40     1   2  2  

Penalty Kill 4 Players Forward 
   Center                   Wing                     Time % Phy DF OF 
 1 Milan Lucic              Brad Richards            60     1   2  2  
 2 Patrice Bergeron         Mike Cammalleri          40     1   2  2  

Penalty Kill 4 Players Defense
   Defense                  Defense                  Time % Phy DF OF 
 1 Cam Barker               Mark Fistric             60     1   2  2  
 2 Matt Greene              Ryan Suter               40     1   2  2  

Penalty Kill - 3 Players Forward 
   Forward                                           Time % Phy DF OF 
 1 Milan Lucic                                       60     1   2  2  
 2 Brad Richards                                     40     1   2  2  

Penalty Kill - 3 Players Defense
   Defense                  Defense                  Time % Phy DF OF 
 1 Cam Barker               Mark Fistric             60     1   2  2  
 2 Matt Greene              Ryan Suter               40     1   2  2  

4 vs 4 Forward 
   Center                   Wing                     Time % Phy DF OF 
 1 Milan Lucic              Brad Richards            60     1   2  2  
 2 Patrice Bergeron         Mike Cammalleri          40     1   2  2  

4 vs 4 Defense
   Defense                  Defense                  Time % Phy DF OF 
 1 Cam Barker               Mark Fistric             60     1   2  2  
 2 Matt Greene              Ryan Suter               40     1   2  2  

Last Minutes Offensive
   Center                   Left Wing                Right Wing               Defense                  Defense                  
   Brad Richards            Milan Lucic              Johan Franzen            Cam Barker               Mark Fistric             

Last Minutes Defensive
   Center                   Left Wing                Right Wing               Defense                  Defense                  
   Brad Richards            Milan Lucic              Johan Franzen            Cam Barker               Mark Fistric             

Goaltenders
Starting : Henrik Lundqvist         
Backup : Hannu Toivonen           

Extra Forwards
Normal : Matt Read, Radek Bonk, Valtteri Filppula - PP : Matt Read, Radek Bonk - PK : Valtteri Filppula
Extra Defensemen
Normal : Staffan Kronwall, Alexei Emelin, Matt Greene - PP : Staffan Kronwall - PK : Alexei Emelin, Matt Greene
Penalty Shots
Milan Lucic, Brad Richards, Patrice Bergeron, Mike Cammalleri, Johan Franzen

% Time on Ice - Penguins

Lines # - Real PCT - Wanted PCT - Time Play
Normal Forward
1 - 34% - 40% - 14:38
2 - 26% - 30% - 11:17
3 - 24% - 20% - 10:25
4 - 17% - 10% - 7:11
Normal Defense
1 - 42% - 40% - 18:17
2 - 34% - 30% - 14:36
3 - 23% - 20% - 9:58
4 - 2% - 10% - 0:40
PP Forward
1 - 62% - 60% - 6:29
2 - 38% - 40% - 4:01
PP Defense
1 - 63% - 60% - 6:34
2 - 37% - 40% - 3:56
PK Forward
1 - 82% - 60% - 3:33
2 - 18% - 40% - 0:46
PK Defense
1 - 55% - 60% - 2:22
2 - 45% - 40% - 1:57
PK3 Forward
1 - 0% - 60%
2 - 0% - 40%
PK3 Defense
1 - 0% - 60%
2 - 0% - 40%
44 Forward
1 - 77% - 60% - 1:17
2 - 23% - 40% - 0:23
44 Defense
1 - 56% - 60% - 0:56
2 - 44% - 40% - 0:44
Last Minute Offensive  - 0:00
Last Minute Defensive  - 0:00
Total
Forward - 60:00
Defense - 60:00

% Time on Ice - Rangers

Lines # - Real PCT - Wanted PCT - Time Play
Normal Forward
1 - 35% - 40% - 15:24
2 - 27% - 30% - 11:38
3 - 24% - 20% - 10:21
4 - 14% - 10% - 6:08
Normal Defense
1 - 39% - 40% - 17:11
2 - 36% - 30% - 15:30
3 - 23% - 20% - 10:02
4 - 2% - 10% - 0:48
PP Forward
1 - 49% - 60% - 2:07
2 - 51% - 40% - 2:12
PP Defense
1 - 50% - 60% - 2:09
2 - 50% - 40% - 2:10
PK Forward
1 - 73% - 60% - 7:43
2 - 27% - 40% - 2:47
PK Defense
1 - 59% - 60% - 6:10
2 - 41% - 40% - 4:20
PK3 Forward
1 - 0% - 60%
2 - 0% - 40%
PK3 Defense
1 - 0% - 60%
2 - 0% - 40%
44 Forward
1 - 81% - 60% - 1:21
2 - 19% - 40% - 0:19
44 Defense
1 - 66% - 60% - 1:06
2 - 34% - 40% - 0:34
Last Minute Offensive  - 0:00
Last Minute Defensive  - 0:00
Total
Forward - 60:00
Defense - 60:00

Play by Play

1st period


0:01 of 1st period - Ryan Kesler wins face-off versus Brad Richards in neutral zone.
0:32 of 1st period - Icing by Steven Stamkos.
0:33 of 1st period - Patrice Bergeron wins face-off versus Steven Stamkos in Penguins zone.
0:35 of 1st period - Minor Penalty to Ryan Suter for Tripping.
0:36 of 1st period - Ryan Kesler wins face-off versus Milan Lucic in Rangers zone.
0:47 of 1st period - Off-side.
0:48 of 1st period - Patrice Bergeron wins face-off versus Steven Stamkos in neutral zone.
1:03 of 1st period - Snap shot by Patrice Bergeron.
1:03 of 1st period - Shot Misses the Net.
1:32 of 1st period - Snap shot by Steven Stamkos.
1:32 of 1st period - Stopped by Henrik Lundqvist without a rebound.
1:33 of 1st period - Steven Stamkos wins face-off versus Patrice Bergeron in Rangers zone.
1:36 of 1st period - Slapshot by Bobby Ryan.
1:36 of 1st period - Stopped by Henrik Lundqvist with a rebound.
1:38 of 1st period - Slapshot by Duncan Keith.
1:38 of 1st period - Stopped by Henrik Lundqvist with a rebound.
1:40 of 1st period - Snap shot by Steven Stamkos.
1:40 of 1st period - Shot Misses the Net.
1:42 of 1st period - Snap shot by Duncan Keith.
1:42 of 1st period - Shot Misses the Net.
1:44 of 1st period - Slapshot by Brooks Orpik.
1:44 of 1st period - Shot Blocked by Cam Barker.
1:46 of 1st period - Slapshot by Duncan Keith.
1:46 of 1st period - Deflect By Dustin Penner.
1:46 of 1st period - Shot Blocked by Cam Barker.
1:46 of 1st period - Puck is out of play.
1:47 of 1st period - Milan Lucic wins face-off versus Ryan Kesler in Rangers zone.
2:06 of 1st period - Brad Richards is hit by Brooks Orpik and loses puck.
2:35 of 1st period - Penalty to Ryan Suter is over, Ryan Suter is back on ice.
2:47 of 1st period - Snap shot by Radek Bonk.
2:47 of 1st period - Shot Misses the Net.
2:49 of 1st period - Slapshot by Radek Bonk.
2:49 of 1st period - Stopped by Josh Tordjman with a rebound.
2:51 of 1st period - Snap shot by Matt Read.
2:51 of 1st period - Stopped by Josh Tordjman with a rebound.
3:11 of 1st period - Snap shot by Valtteri Filppula.
3:11 of 1st period - Stopped by Josh Tordjman without a rebound.
3:12 of 1st period - Oleg Kvasha wins face-off versus Brad Richards in Penguins zone.
3:38 of 1st period - Steven Stamkos is hit by Mike Cammalleri and loses puck.
3:59 of 1st period - Staffan Kronwall is hit by David Jones and loses puck.
4:12 of 1st period - Snap shot by Patrice Bergeron.
4:12 of 1st period - Stopped by Josh Tordjman without a rebound.
4:13 of 1st period - Oleg Kvasha wins face-off versus Brad Richards in Penguins zone.
4:31 of 1st period - Icing by Ryan Suter.
4:32 of 1st period - Brad Richards wins face-off versus Ryan Kesler in Rangers zone.
4:39 of 1st period - Slapshot by Brad Richards.
4:39 of 1st period - Deflect By Johan Franzen.
4:39 of 1st period - Shot Misses the Net.
4:39 of 1st period - Puck is out of play.
4:40 of 1st period - Brad Richards wins face-off versus Ryan Kesler in Penguins zone.
4:41 of 1st period - Wrist shot by Milan Lucic.
4:41 of 1st period - Shot Blocked by Ryan Kesler.
4:43 of 1st period - Slapshot by Cam Barker.
4:43 of 1st period - Stopped by Josh Tordjman without a rebound.
4:44 of 1st period - Brad Richards wins face-off versus Ryan Kesler in Penguins zone.
4:45 of 1st period - Snap shot by Milan Lucic.
4:45 of 1st period - Goal by Milan Lucic - Penguins : 0 - Rangers : 1.
4:46 of 1st period - Brad Richards wins face-off versus Ryan Kesler in neutral zone.
4:49 of 1st period - Snap shot by Milan Lucic.
4:49 of 1st period - Stopped by Josh Tordjman with a rebound.
5:28 of 1st period - Snap shot by Matt Read.
5:28 of 1st period - Stopped by Josh Tordjman with a rebound.
5:43 of 1st period - Duncan Keith is hit by Drew Stafford.
6:01 of 1st period - Snap shot by David Jones.
6:01 of 1st period - Shot Blocked by Valtteri Filppula.
6:03 of 1st period - Slapshot by Brooks Orpik.
6:03 of 1st period - Shot Blocked by Staffan Kronwall.
6:25 of 1st period - Snap shot by Ryan Kesler.
6:25 of 1st period - Stopped by Henrik Lundqvist without a rebound.
6:26 of 1st period - Brad Richards wins face-off versus Steven Stamkos in Rangers zone.
6:37 of 1st period - Wrist shot by Milan Lucic.
6:37 of 1st period - Goal by Milan Lucic - Penguins : 0 - Rangers : 2.
6:38 of 1st period - Patrice Bergeron wins face-off versus Ryan Kesler in neutral zone.
6:41 of 1st period - Slapshot by Patrice Bergeron.
6:41 of 1st period - Shot Misses the Net.
6:43 of 1st period - Slapshot by Patrice Bergeron.
6:43 of 1st period - Stopped by Josh Tordjman with a rebound.
7:10 of 1st period - Wrist shot by Matt Read.
7:10 of 1st period - Shot Misses the Net.
7:28 of 1st period - Brian McGrattan is hit by Johan Franzen and loses puck.
7:49 of 1st period - Mike Cammalleri is hit by Denis Arkhipov and loses puck.
7:58 of 1st period - Wrist shot by Mike Cammalleri.
7:58 of 1st period - Stopped by Josh Tordjman without a rebound.
7:59 of 1st period - Ryan Kesler wins face-off versus Brad Richards in Penguins zone.
8:14 of 1st period - Slapshot by Ryan Kesler.
8:14 of 1st period - Stopped by Henrik Lundqvist with a rebound.
8:26 of 1st period - Patrice Bergeron is hit by Bobby Ryan and loses puck.
9:07 of 1st period - Slapshot by Ryan Kesler.
9:07 of 1st period - Shot Misses the Net.
9:09 of 1st period - Slapshot by Brent Sopel.
9:09 of 1st period - Stopped by Henrik Lundqvist without a rebound.
9:10 of 1st period - Valtteri Filppula wins face-off versus Ryan Kesler in Rangers zone.
9:10 of 1st period - Valtteri Filppula is hit by Simon Gagné.
9:37 of 1st period - Minor Penalty to Chris Bourque for High sticking.
9:38 of 1st period - Milan Lucic wins face-off versus Ryan Kesler in Rangers zone.
9:38 of 1st period - Milan Lucic is hit by Duncan Keith.
9:50 of 1st period - Wrist shot by Brad Richards.
9:50 of 1st period - Stopped by Josh Tordjman with a rebound.
9:56 of 1st period - Minor Penalty to Nathan Horton for Hooking.
9:57 of 1st period - Ryan Kesler wins face-off versus Milan Lucic in Penguins zone.
11:08 of 1st period - Off-side.
11:09 of 1st period - Matt Read wins face-off versus Steve Sullivan in neutral zone.
11:37 of 1st period - Penalty to Chris Bourque is over, Chris Bourque is back on ice.
11:43 of 1st period - Sean Zimmerman is hit by Mike Cammalleri and loses puck.
11:56 of 1st period - Penalty to Nathan Horton is over, Nathan Horton is back on ice.
12:06 of 1st period - Slapshot by Brent Sopel.
12:06 of 1st period - Shot Misses the Net.
12:30 of 1st period - Snap shot by Ryan Kesler.
12:30 of 1st period - Stopped by Henrik Lundqvist with a rebound.
13:20 of 1st period - Icing by Cam Barker.
13:21 of 1st period - Denis Arkhipov wins face-off versus Patrice Bergeron in Rangers zone.
13:26 of 1st period - Snap shot by Ryan Kesler.
13:26 of 1st period - Stopped by Henrik Lundqvist with a rebound.
13:28 of 1st period - Snap shot by Ryan Kesler.
13:28 of 1st period - Shot Blocked by Cam Barker.
13:30 of 1st period - Slapshot by Simon Gagné.
13:30 of 1st period - Shot Misses the Net.
14:10 of 1st period - Snap shot by Igor Radulov.
14:10 of 1st period - Shot Blocked by Luke Schenn.
14:12 of 1st period - Slapshot by Matt Greene.
14:12 of 1st period - Shot Blocked by Steve Sullivan.
14:14 of 1st period - Slapshot by Radek Bonk.
14:14 of 1st period - Shot Misses the Net.
14:16 of 1st period - Slapshot by Ryan Suter.
14:16 of 1st period - Shot Misses the Net.
14:31 of 1st period - Wrist shot by Steve Sullivan.
14:31 of 1st period - Shot Misses the Net.
14:33 of 1st period - Slapshot by Brooks Orpik.
14:33 of 1st period - Deflect By Oleg Kvasha.
14:33 of 1st period - Shot Blocked by Ryan Suter.
14:33 of 1st period - Puck is out of play.
14:34 of 1st period - Brad Richards wins face-off versus Ryan Kesler in Rangers zone.
14:41 of 1st period - Wrist shot by Brad Richards.
14:41 of 1st period - Deflect By Milan Lucic.
14:41 of 1st period - Shot Blocked by Brooks Orpik.
14:41 of 1st period - Puck is out of play.
14:42 of 1st period - Ryan Kesler wins face-off versus Brad Richards in Penguins zone.
14:51 of 1st period - Slapshot by Ryan Kesler.
14:51 of 1st period - Stopped by Henrik Lundqvist without a rebound.
14:52 of 1st period - Brad Richards wins face-off versus Ryan Kesler in Rangers zone.
15:29 of 1st period - Wrist shot by Steven Stamkos.
15:29 of 1st period - Stopped by Henrik Lundqvist with a rebound.
15:39 of 1st period - Snap shot by Brian McGrattan.
15:39 of 1st period - Shot Misses the Net.
17:20 of 1st period - Snap shot by Igor Radulov.
17:20 of 1st period - Shot Blocked by Bobby Ryan.
17:36 of 1st period - Slapshot by Steven Stamkos.
17:36 of 1st period - Shot Misses the Net.
17:54 of 1st period - Snap shot by Jakob Silfverberg.
17:54 of 1st period - Shot Misses the Net.
17:56 of 1st period - Slapshot by Cam Barker.
17:56 of 1st period - Shot Blocked by Luke Schenn.
17:58 of 1st period - Slapshot by Cam Barker.
17:58 of 1st period - Shot Blocked by Luke Schenn.
18:14 of 1st period - Slapshot by Mark Fistric.
18:14 of 1st period - Shot Misses the Net.
18:18 of 1st period - Slapshot by Patrice Bergeron.
18:18 of 1st period - Stopped by Josh Tordjman without a rebound.
18:19 of 1st period - Oleg Kvasha wins face-off versus Patrice Bergeron in Penguins zone.
18:46 of 1st period - Milan Lucic is hit by Duncan Keith and loses puck.
Goals for this period are 0 for Penguins vs 2 for Rangers.
Shots for this period are 10 for Penguins vs 13 for Rangers.

2nd period


0:01 of 2nd period - Ryan Kesler wins face-off versus Brad Richards in neutral zone.
0:47 of 2nd period - Slapshot by Mark Fistric.
0:47 of 2nd period - Deflect By Sean Zimmerman.
0:47 of 2nd period - Stopped by Josh Tordjman without a rebound.
0:48 of 2nd period - Radek Bonk wins face-off versus Oleg Kvasha in Penguins zone.
0:51 of 2nd period - Slapshot by Matt Greene.
0:51 of 2nd period - Stopped by Josh Tordjman without a rebound.
0:52 of 2nd period - Radek Bonk wins face-off versus Ryan Kesler in Penguins zone.
1:03 of 2nd period - Off-side.
1:04 of 2nd period - Ryan Kesler wins face-off versus Johan Franzen in neutral zone.
1:14 of 2nd period - Minor Penalty to Duncan Keith for Roughing.
1:15 of 2nd period - Brad Richards wins face-off versus Ryan Kesler in Penguins zone.
2:42 of 2nd period - Matt Greene is hit by Nathan Horton and loses puck.
3:13 of 2nd period - Dustin Penner is hit by Jakob Silfverberg and loses puck.
3:14 of 2nd period - Penalty to Duncan Keith is over, Duncan Keith is back on ice.
3:18 of 2nd period - Slapshot by Jakob Silfverberg.
3:18 of 2nd period - Shot Misses the Net.
3:21 of 2nd period - Icing by Dustin Penner.
3:22 of 2nd period - Ryan Kesler wins face-off versus Radek Bonk in Penguins zone.
3:31 of 2nd period - Wrist shot by Ryan Kesler.
3:31 of 2nd period - Shot Misses the Net.
3:35 of 2nd period - Snap shot by Ryan Kesler.
3:35 of 2nd period - Stopped by Henrik Lundqvist without a rebound.
3:36 of 2nd period - Steven Stamkos wins face-off versus Milan Lucic in Rangers zone.
3:37 of 2nd period - Slapshot by Bobby Ryan.
3:37 of 2nd period - Shot Blocked by Mark Fistric.
4:01 of 2nd period - Cam Barker is hit by Brent Sopel and loses puck.
4:25 of 2nd period - Matt Greene is hit by Denis Arkhipov and loses puck.
5:31 of 2nd period - Minor Penalty to Patrice Bergeron for High sticking.
5:32 of 2nd period - Ryan Kesler wins face-off versus Brad Richards in Rangers zone.
5:42 of 2nd period - Milan Lucic is hit by Nathan Horton and loses puck.
6:42 of 2nd period - Wrist shot by Steven Stamkos.
6:42 of 2nd period - Deflect By Dustin Penner.
6:42 of 2nd period - Shot Misses the Net.
6:42 of 2nd period - Puck is out of play.
6:43 of 2nd period - Milan Lucic wins face-off versus Ryan Kesler in Rangers zone.
7:31 of 2nd period - Penalty to Patrice Bergeron is over, Patrice Bergeron is back on ice.
7:50 of 2nd period - Slapshot by Brent Sopel.
7:50 of 2nd period - Shot Blocked by Ryan Suter.
8:02 of 2nd period - Ryan Suter is hit by Luke Schenn and loses puck.
8:09 of 2nd period - Snap shot by Ladislav Nagy.
8:09 of 2nd period - Stopped by Henrik Lundqvist with a rebound.
9:02 of 2nd period - Off-side.
9:03 of 2nd period - Valtteri Filppula wins face-off versus Dustin Penner in neutral zone.
9:05 of 2nd period - Off-side.
9:06 of 2nd period - Steven Stamkos wins face-off versus Valtteri Filppula in neutral zone.
9:17 of 2nd period - Snap shot by Dustin Penner.
9:17 of 2nd period - Shot Misses the Net.
9:19 of 2nd period - Minor Penalty to Jakob Silfverberg for Slashing.
9:20 of 2nd period - Simon Gagné wins face-off versus Milan Lucic in Rangers zone.
9:35 of 2nd period - Wrist shot by Ryan Kesler.
9:35 of 2nd period - Goal by Ryan Kesler - Penguins : 1 - Rangers : 2.
9:36 of 2nd period - Patrice Bergeron wins face-off versus Ryan Kesler in neutral zone.
9:39 of 2nd period - Snap shot by Cam Barker.
9:39 of 2nd period - Deflect By Drew Stafford.
9:39 of 2nd period - Stopped by Josh Tordjman without a rebound.
9:40 of 2nd period - Ryan Kesler wins face-off versus Patrice Bergeron in Penguins zone.
9:42 of 2nd period - Minor Penalty to Simon Gagné for Holding.
9:43 of 2nd period - Brad Richards wins face-off versus Oleg Kvasha in Penguins zone.
11:42 of 2nd period - Penalty to Simon Gagné is over, Simon Gagné is back on ice.
11:58 of 2nd period - Wrist shot by Simon Gagné.
11:58 of 2nd period - Shot Misses the Net.
12:00 of 2nd period - Wrist shot by Dustin Penner.
12:00 of 2nd period - Goal by Dustin Penner - Penguins : 2 - Rangers : 2.
12:01 of 2nd period - Ryan Kesler wins face-off versus Brad Richards in neutral zone.
12:10 of 2nd period - Wrist shot by Ryan Kesler.
12:10 of 2nd period - Shot Misses the Net.
13:05 of 2nd period - Minor Penalty to Ryan Suter for Hooking.
13:06 of 2nd period - Ryan Kesler wins face-off versus Milan Lucic in Rangers zone.
13:09 of 2nd period - Snap shot by Simon Gagné.
13:09 of 2nd period - Stopped by Henrik Lundqvist with a rebound.
13:21 of 2nd period - Wrist shot by Milan Lucic.
13:21 of 2nd period - Stopped by Josh Tordjman without a rebound.
13:22 of 2nd period - Milan Lucic wins face-off versus Ryan Kesler in Penguins zone.
13:23 of 2nd period - Wrist shot by Brad Richards.
13:23 of 2nd period - Stopped by Josh Tordjman without a rebound.
13:24 of 2nd period - Ryan Kesler wins face-off versus Milan Lucic in Penguins zone.
13:49 of 2nd period - Dustin Penner is hit by Cam Barker and loses puck.
14:00 of 2nd period - Mike Cammalleri is hit by Brooks Orpik and loses puck.
15:05 of 2nd period - Penalty to Ryan Suter is over, Ryan Suter is back on ice.
15:11 of 2nd period - Snap shot by Ryan Kesler.
15:11 of 2nd period - Stopped by Henrik Lundqvist with a rebound.
15:13 of 2nd period - Slapshot by Oleg Kvasha.
15:13 of 2nd period - Shot Blocked by Mark Fistric.
15:15 of 2nd period - Slapshot by Oleg Kvasha.
15:15 of 2nd period - Stopped by Henrik Lundqvist without a rebound.
15:16 of 2nd period - Oleg Kvasha wins face-off versus Patrice Bergeron in Rangers zone.
15:23 of 2nd period - Snap shot by Steve Sullivan.
15:23 of 2nd period - Shot Misses the Net.
15:41 of 2nd period - Cam Barker is hit by Steven Stamkos and loses puck.
15:57 of 2nd period - Chris Bourque is hit by Bobby Ryan and loses puck.
16:33 of 2nd period - Drew Stafford is hit by Ladislav Nagy and loses puck.
16:40 of 2nd period - Slapshot by David Jones.
16:40 of 2nd period - Stopped by Henrik Lundqvist with a rebound.
16:58 of 2nd period - Slapshot by Drew Stafford.
16:58 of 2nd period - Stopped by Josh Tordjman without a rebound.
16:59 of 2nd period - Brad Richards wins face-off versus Ryan Kesler in Penguins zone.
17:24 of 2nd period - Bobby Ryan is hit by Cam Barker and loses puck.
17:28 of 2nd period - Icing by Sean Zimmerman.
17:29 of 2nd period - Radek Bonk wins face-off versus Steven Stamkos in Penguins zone.
17:38 of 2nd period - Wrist shot by Matt Read.
17:38 of 2nd period - Shot Misses the Net.
18:00 of 2nd period - Snap shot by Steven Stamkos.
18:00 of 2nd period - Shot Misses the Net.
18:02 of 2nd period - Wrist shot by Duncan Keith.
18:02 of 2nd period - Deflect By Ryan Suter.
18:02 of 2nd period - Stopped by Henrik Lundqvist without a rebound.
18:03 of 2nd period - Brad Richards wins face-off versus Ryan Kesler in Rangers zone.
18:08 of 2nd period - Snap shot by Simon Gagné.
18:08 of 2nd period - Shot Blocked by Milan Lucic.
18:15 of 2nd period - Off-side.
18:16 of 2nd period - Brad Richards wins face-off versus Ryan Kesler in neutral zone.
18:16 of 2nd period - Cam Barker is hit by Nathan Horton and loses puck.
18:23 of 2nd period - Snap shot by Johan Franzen.
18:23 of 2nd period - Deflect By Brad Richards.
18:23 of 2nd period - Stopped by Josh Tordjman with a rebound.
18:25 of 2nd period - Snap shot by Johan Franzen.
18:25 of 2nd period - Shot Misses the Net.
18:27 of 2nd period - Slapshot by Cam Barker.
18:27 of 2nd period - Shot Misses the Net.
18:41 of 2nd period - Nathan Horton is hit by Matt Read and loses puck.
18:52 of 2nd period - Wrist shot by Ryan Kesler.
18:52 of 2nd period - Shot Misses the Net.
18:54 of 2nd period - Slapshot by Sean Zimmerman.
18:54 of 2nd period - Shot Misses the Net.
18:56 of 2nd period - Wrist shot by Nathan Horton.
18:56 of 2nd period - Stopped by Henrik Lundqvist without a rebound.
18:57 of 2nd period - Steven Stamkos wins face-off versus Brad Richards in Rangers zone.
19:37 of 2nd period - Wrist shot by Sean Zimmerman.
19:37 of 2nd period - Shot Blocked by Patrice Bergeron.
19:55 of 2nd period - Wrist shot by Matt Read.
19:55 of 2nd period - Stopped by Josh Tordjman with a rebound.
19:57 of 2nd period - Slapshot by Ryan Suter.
19:57 of 2nd period - Stopped by Josh Tordjman without a rebound.
19:58 of 2nd period - Ryan Kesler wins face-off versus Brad Richards in Penguins zone.
Goals for this period are 2 for Penguins vs 0 for Rangers.
Shots for this period are 10 for Penguins vs 9 for Rangers.

3rd period


0:01 of 3rd period - Ryan Kesler wins face-off versus Brad Richards in neutral zone.
0:33 of 3rd period - Slapshot by Cam Barker.
0:33 of 3rd period - Shot Blocked by Brent Sopel.
0:47 of 3rd period - Wrist shot by Steve Sullivan.
0:47 of 3rd period - Stopped by Henrik Lundqvist without a rebound.
0:48 of 3rd period - Oleg Kvasha wins face-off versus Radek Bonk in Rangers zone.
1:00 of 3rd period - Matt Greene is hit by Luke Schenn and loses puck.
1:20 of 3rd period - Snap shot by Igor Radulov.
1:20 of 3rd period - Shot Misses the Net.
1:28 of 3rd period - Wrist shot by Luke Schenn.
1:28 of 3rd period - Stopped by Henrik Lundqvist with a rebound.
1:30 of 3rd period - Slapshot by Luke Schenn.
1:30 of 3rd period - Stopped by Henrik Lundqvist without a rebound.
1:31 of 3rd period - Ryan Kesler wins face-off versus Brad Richards in Rangers zone.
1:32 of 3rd period - Wrist shot by Nathan Horton.
1:32 of 3rd period - Shot Misses the Net.
1:34 of 3rd period - Snap shot by Simon Gagné.
1:34 of 3rd period - Deflect By Ryan Kesler.
1:34 of 3rd period - Shot Misses the Net.
1:34 of 3rd period - Puck is out of play.
1:35 of 3rd period - Brad Richards wins face-off versus Ryan Kesler in Rangers zone.
1:35 of 3rd period - Mark Fistric is hit by Ryan Kesler and loses puck.
1:42 of 3rd period - Wrist shot by Nathan Horton.
1:42 of 3rd period - Deflect By Simon Gagné.
1:42 of 3rd period - Shot Blocked by Cam Barker.
1:42 of 3rd period - Puck is out of play.
1:43 of 3rd period - Brad Richards wins face-off versus Ryan Kesler in Rangers zone.
1:50 of 3rd period - Wrist shot by Brad Richards.
1:50 of 3rd period - Shot Blocked by Ryan Kesler.
1:52 of 3rd period - Snap shot by Brad Richards.
1:52 of 3rd period - Stopped by Josh Tordjman with a rebound.
1:58 of 3rd period - Snap shot by Milan Lucic.
1:58 of 3rd period - Shot Blocked by Brooks Orpik.
2:39 of 3rd period - Wrist shot by Valtteri Filppula.
2:39 of 3rd period - Shot Blocked by Brooks Orpik.
2:53 of 3rd period - Snap shot by Bobby Ryan.
2:53 of 3rd period - Shot Blocked by Staffan Kronwall.
2:55 of 3rd period - Slapshot by Steven Stamkos.
2:55 of 3rd period - Shot Blocked by Igor Radulov.
2:59 of 3rd period - Snap shot by Steven Stamkos.
2:59 of 3rd period - Shot Misses the Net.
3:03 of 3rd period - Snap shot by Steven Stamkos.
3:03 of 3rd period - Shot Misses the Net.
3:05 of 3rd period - Snap shot by Steven Stamkos.
3:05 of 3rd period - Stopped by Henrik Lundqvist without a rebound.
3:06 of 3rd period - Johan Franzen wins face-off versus Ryan Kesler in Rangers zone.
3:39 of 3rd period - Wrist shot by Drew Stafford.
3:39 of 3rd period - Shot Misses the Net.
3:41 of 3rd period - Snap shot by Mike Cammalleri.
3:41 of 3rd period - Shot Misses the Net.
4:35 of 3rd period - Minor Penalty to Johan Franzen for Interference.
4:36 of 3rd period - Milan Lucic wins face-off versus Ryan Kesler in Rangers zone.
5:44 of 3rd period - Brent Sopel is hit by Chris Bourque and loses puck.
6:28 of 3rd period - Slapshot by Valtteri Filppula.
6:28 of 3rd period - Shot Misses the Net.
6:35 of 3rd period - Penalty to Johan Franzen is over, Johan Franzen is back on ice.
6:52 of 3rd period - Wrist shot by Johan Franzen.
6:52 of 3rd period - Shot Misses the Net.
6:54 of 3rd period - Wrist shot by Johan Franzen.
6:54 of 3rd period - Stopped by Josh Tordjman without a rebound.
6:55 of 3rd period - Denis Arkhipov wins face-off versus Patrice Bergeron in Penguins zone.
6:55 of 3rd period - Denis Arkhipov is hit by Mark Fistric.
7:03 of 3rd period - Snap shot by Patrice Bergeron.
7:03 of 3rd period - Deflect By Mike Cammalleri.
7:03 of 3rd period - Shot Blocked by Brendan Smith.
7:03 of 3rd period - Puck is out of play.
7:04 of 3rd period - Ladislav Nagy wins face-off versus Patrice Bergeron in Penguins zone.
7:04 of 3rd period - Ladislav Nagy is hit by Mike Cammalleri.
7:24 of 3rd period - Wrist shot by David Jones.
7:24 of 3rd period - Stopped by Henrik Lundqvist with a rebound.
7:38 of 3rd period - Snap shot by Mike Cammalleri.
7:38 of 3rd period - Shot Hit the Post.
7:40 of 3rd period - Wrist shot by Cam Barker.
7:40 of 3rd period - Stopped by Josh Tordjman with a rebound.
7:42 of 3rd period - Wrist shot by Patrice Bergeron.
7:42 of 3rd period - Stopped by Josh Tordjman with a rebound.
7:44 of 3rd period - Slapshot by Drew Stafford.
7:44 of 3rd period - Shot Blocked by David Jones.
7:46 of 3rd period - Slapshot by Cam Barker.
7:46 of 3rd period - Shot Blocked by Brendan Smith.
7:48 of 3rd period - Slapshot by Mark Fistric.
7:48 of 3rd period - Shot Misses the Net.
7:50 of 3rd period - Slapshot by Drew Stafford.
7:50 of 3rd period - Stopped by Josh Tordjman with a rebound.
7:52 of 3rd period - Slapshot by Mark Fistric.
7:52 of 3rd period - Stopped by Josh Tordjman with a rebound.
7:54 of 3rd period - Snap shot by Patrice Bergeron.
7:54 of 3rd period - Stopped by Josh Tordjman with a rebound.
7:56 of 3rd period - Snap shot by Mike Cammalleri.
7:56 of 3rd period - Shot Blocked by Brendan Smith.
7:58 of 3rd period - Wrist shot by Patrice Bergeron.
7:58 of 3rd period - Shot Blocked by Brendan Smith.
8:00 of 3rd period - Wrist shot by Drew Stafford.
8:00 of 3rd period - Shot Misses the Net.
8:02 of 3rd period - Snap shot by Mike Cammalleri.
8:02 of 3rd period - Stopped by Josh Tordjman without a rebound.
8:03 of 3rd period - Brad Richards wins face-off versus Ryan Kesler in Penguins zone.
8:19 of 3rd period - Minor Penalty to Milan Lucic for Slashing.
8:20 of 3rd period - Valtteri Filppula wins face-off versus Ryan Kesler in Rangers zone.
9:17 of 3rd period - Matt Greene is hit by Simon Gagné and loses puck.
10:19 of 3rd period - Penalty to Milan Lucic is over, Milan Lucic is back on ice.
10:23 of 3rd period - Igor Radulov is hit by Sean Zimmerman and loses puck.
10:52 of 3rd period - Alexei Emelin is hit by Luke Schenn and loses puck.
11:11 of 3rd period - Oleg Kvasha is hit by Chris Bourque.
11:19 of 3rd period - Jakob Silfverberg is hit by Luke Schenn and loses puck.
11:36 of 3rd period - Matt Read is hit by Ryan Kesler and loses puck.
12:26 of 3rd period - Icing by Alexei Emelin.
12:27 of 3rd period - Chris Bourque wins face-off versus Ryan Kesler in Rangers zone.
12:59 of 3rd period - Snap shot by Steven Stamkos.
12:59 of 3rd period - Shot Misses the Net.
13:01 of 3rd period - Slapshot by Dustin Penner.
13:01 of 3rd period - Shot Misses the Net.
13:03 of 3rd period - Slapshot by Brent Sopel.
13:03 of 3rd period - Shot Misses the Net.
13:39 of 3rd period - Off-side.
13:40 of 3rd period - Valtteri Filppula wins face-off versus Nathan Horton in neutral zone.
14:37 of 3rd period - Snap shot by Matt Read.
14:37 of 3rd period - Shot Blocked by David Jones.
14:57 of 3rd period - Ryan Kesler is hit by Mike Cammalleri and loses puck.
15:12 of 3rd period - Minor Penalty to Brent Sopel for Holding.
15:13 of 3rd period - Brad Richards wins face-off versus Ryan Kesler in Penguins zone.
15:14 of 3rd period - Wrist shot by Milan Lucic.
15:14 of 3rd period - Goal by Milan Lucic - Penguins : 2 - Rangers : 3.
15:15 of 3rd period - Radek Bonk wins face-off versus Oleg Kvasha in neutral zone.
15:24 of 3rd period - Wrist shot by Oleg Kvasha.
15:24 of 3rd period - Shot Blocked by Igor Radulov.
15:26 of 3rd period - Slapshot by Brooks Orpik.
15:26 of 3rd period - Stopped by Henrik Lundqvist without a rebound.
15:27 of 3rd period - Radek Bonk wins face-off versus Oleg Kvasha in Rangers zone.
15:54 of 3rd period - Mark Fistric is hit by Simon Gagné.
15:58 of 3rd period - Snap shot by Nathan Horton.
15:58 of 3rd period - Stopped by Henrik Lundqvist with a rebound.
16:38 of 3rd period - Icing by Sean Zimmerman.
16:39 of 3rd period - Valtteri Filppula wins face-off versus David Jones in Penguins zone.
16:40 of 3rd period - Snap shot by Jakob Silfverberg.
16:40 of 3rd period - Goal by Jakob Silfverberg - Penguins : 2 - Rangers : 4.
16:41 of 3rd period - Oleg Kvasha wins face-off versus Radek Bonk in neutral zone.
16:44 of 3rd period - Snap shot by Steve Sullivan.
16:44 of 3rd period - Stopped by Henrik Lundqvist with a rebound.
17:06 of 3rd period - Cam Barker is hit by Nathan Horton.
17:23 of 3rd period - Icing by Ryan Kesler.
17:24 of 3rd period - Steven Stamkos wins face-off versus Patrice Bergeron in Penguins zone.
17:28 of 3rd period - Brooks Orpik is hit by Cam Barker and loses puck.
17:56 of 3rd period - Slapshot by Sean Zimmerman.
17:56 of 3rd period - Stopped by Henrik Lundqvist with a rebound.
18:16 of 3rd period - Wrist shot by Milan Lucic.
18:16 of 3rd period - Deflect By Johan Franzen.
18:16 of 3rd period - Shot Blocked by Sean Zimmerman.
18:16 of 3rd period - Puck is out of play.
18:17 of 3rd period - Brad Richards wins face-off versus Ryan Kesler in Penguins zone.
18:25 of 3rd period - Luke Schenn beats up Milan Lucic.
18:25 of 3rd period - Penalty to Milan Lucic for Fighting.
18:25 of 3rd period - Penalty to Luke Schenn for Fighting.
18:26 of 3rd period - Oleg Kvasha wins face-off versus Radek Bonk in Penguins zone.
18:51 of 3rd period - Simon Gagné is hit by Cam Barker and loses puck.
Goals for this period are 0 for Penguins vs 2 for Rangers.
Shots for this period are 9 for Penguins vs 10 for Rangers.